 Dungeon Crawl Stone Soup version 0.31-a0-851-g7ff8af7976 (webtiles) character file.

Game seed: 2586558486368768641

51 retardedninja the Firebug (level 3, -2/19 HPs)
             Began as a Gargoyle Fire Elementalist on Oct 4, 2023.
             Slain by Natasha (4 damage)
             ... on level 2 of the Dungeon on Oct 5, 2023.
             The game lasted 00:02:37 (1985 turns).

retardedninja the Firebug (GrFE)                    Turns: 1985, Time: 00:02:40

Health: -2/19      AC:  6    Str: 11    XL:     3   Next: 83%
Magic:  2/6        EV: 12    Int: 17    God:
Gold:   74         SH:  0    Dex: 10    Spells: 5/6 levels left

rFire   . . .        (no weapon)
rCold   . . .        (no shield)
rNeg    + . .        a - +0 robe
rPois   ∞            (no helmet)
rElec   +            (no cloak)
rCorr   .            (no gloves)
SInv    .            h - +0 pair of boots
Will    .....        (no amulet)
Stlth   ++           (no ring)
HPRegen 0.23/turn    (no ring)
MPRegen 0.10/turn

%: no passive effects
@: very slightly contaminated, slowed, very slow
A: sickness immunity, AC +3, negative energy resistance 1, electricity
resistance, torment resistance 1, petrification resistance
a: no special abilities


You were on level 2 of the Dungeon.
You visited 1 branch of the dungeon, and saw 2 of its levels.

You collected 74 gold pieces.

Inventory:

Armour
 a - a +0 robe (worn)
 h - a +0 pair of boots (worn)
Jewellery
 l - a ring of ice
Scrolls
 d - a scroll of amnesia {unknown}
 e - a scroll of blinking {unknown}
 g - a scroll of revelation {unknown}
 k - 3 scrolls of enchant weapon {unknown}
 m - a scroll of fear {unknown}
Potions
 b - a potion of magic
 c - a potion of haste {unknown}
 f - a potion of curing {unknown}
 i - a potion of mutation {unknown}
 j - a potion of brilliance {unknown}
 n - a potion of heal wounds {unknown}


   Skills:
 + Level 2.0 Dodging
 + Level 2.8 Stealth
 + Level 2.4 Spellcasting
 + Level 1.9 Conjurations
 + Level 3.4 Fire Magic


You had 5 spell levels left.
You knew the following spells:

 Your Spells              Type           Power      Damage    Failure   Level
a - Foxfire               Conj/Fire      44%        2x1d6     6%          1

Your spell library contained the following spells:

 Spells                   Type           Power      Damage    Failure   Level
 Scorch                   Fire           26%        2d6       7%          2
 Inner Flame              Hex/Fire       7%         N/A       28%         3
 Volatile Blastmotes      Fire/Tloc      14%        2d11      28%         3
 Flame Wave               Conj/Fire      11%        2d6       52%         4
 Plasma Beam              Fire/Air       3%         2x1d13    100%        6
 Starburst                Conj/Fire      5%         6d4       100%        6


Dungeon Overview and Level Annotations

Branches:
Dungeon (2/15)

Altars:

Annotations:
D:2 Natasha


Innate Abilities, Weirdness & Mutations

You are immune to sickness and miasma.
Your stone body is resilient. (AC +3)
You are immune to poison.
You resist negative energy. (rN+)
You are resistant to electric shocks. (rElec)
You are resistant to unholy torment.
You are immune to petrification.


Message History

Done waiting.
You climb downwards.
Level annotation: Natasha Natasha casts a spell at you.
The magic dart hits you.
There is a stone staircase leading up here.
Casting: Foxfire (safe; 6% risk of failure)
Press: ? - help, Q - select action Dir - look around, f - activate You miscast Foxfire.
You are very lightly contaminated with residual magic.
Nothing appears to happen.
Natasha closely misses you.
Casting: Foxfire (safe; 6% risk of failure)
Press: ? - help, Q - select action Dir - look around, f - activate You conjure some foxfire!
Natasha claws you.
The foxfire hits Natasha.
Natasha is lightly wounded.
The foxfire hits Natasha but does no damage.
Natasha is lightly wounded.
Natasha claws you.
* * * LOW HITPOINT WARNING * * *
Casting: Foxfire (safe; 6% risk of failure)
Press: ? - help, Q - select action Dir - look around, f - activate You conjure some foxfire!
Natasha stares at you and mumbles some strange words.
You feel yourself slow down.
The foxfire hits Natasha.
Natasha is heavily wounded.
The foxfire hits Natasha.
Natasha is severely wounded.
Natasha barely misses you.
Casting: Foxfire (safe; 6% risk of failure)
Press: ? - help, Q - select action Dir - look around, f - activate You conjure some foxfire!
Natasha claws you.
* * * LOW HITPOINT WARNING * * *
Natasha claws you.
You die...
Natasha curls up and begins to purr.

...# #..# #..# #..# #
#..# ## ##### #..#
h####...##### #v.#
..h...#.....###.@##
.##.#...###.....hv#
###5##h## #####...#
#.##.# #...#
###.##.########...#
........5.h5......###
.##.##.########.#...#
#.##..........###.#
#.#..########## #.#


You could see Natasha (ally target).

Vanquished Creatures
  Natasha (D:2)
  A ball python (D:1)
  4 endoplasms
  4 goblins (D:1)
  A hobgoblin (D:1)
  4 quokkas (D:1)
  5 bats
  2 kobolds (D:1)
  3 rats (D:1)
25 creatures vanquished.

Vanquished Creatures (others)
  121 foxfires
121 creatures vanquished.

Grand Total: 146 creatures vanquished

Notes
Turn   | Place    | Note
-------+----------+-------------------------------------------
     0 | D:1      | retardedninja the Gargoyle Fire Elementalist began the
                  | quest for the Orb.
     0 | D:1      | Reached XP level 1. HP: 10/10 MP: 3/3
   274 | D:1      | Reached XP level 2. HP: 15/15 MP: 0/5
  1013 | D:1      | Upgraded the game from 0.31-a0-848-gaac375c287 to
                  | 0.31-a0-851-g7ff8af7976
  1225 | D:1      | Reached XP level 3. HP: 19/19 MP: 2/6
  1584 | D:2      | Noticed Natasha
  1590 | D:2      | Killed Natasha
  1701 | D:2      | Noticed Natasha
  1985 | D:2      | Slain by Natasha

Illustrated notes

Levels and vault maps discovered:
D:1:      minmay_arrival_checkered_box, layout_basic
D:2:      layout_loops_ring, uniq_natasha

Skill      XL: |  1  2  3 |
---------------+----------+-----
Dodging        | 2 |  2.0
Stealth        | |  2.8
Spellcasting   | |  2.4
Conjurations   | |  1.9
Fire Magic     | |  3.4

Action                     || total
---------------------------++-------
   Cast: Foxfire           ||    83
 Armour: Robe              ||    27
  Dodge: Dodged            ||    28

Table legend: (Time is in decaauts)
 A = Elapsed time spent in this place.
 B = Non-inter-level travel time spent in this place.
 C = Inter-level travel time spent in this place.
 D = Time resting spent in this place.
 E = Time spent auto-exploring this place.
 F = Levels seen in this place.
 G = Mean time per level.
                   A        B        C        D        E       F      G
               +--------+--------+--------+--------+--------+-----+--------+
         Total |   1986 |   1978 |      8 |    242 |   1327 |   2 |  993.0 |
       Dungeon |   1986 |   1978 |      8 |    242 |   1327 |   2 |  993.0 |
               +--------+--------+--------+--------+--------+-----+--------+

Top non-repeatable levels by time:
     D:1: 1748 daAuts
     D:2: 237 daAuts
